 Dungeon Crawl Stone Soup version 0.31-a0-654-gbe3e110b4e (webtiles) character file.

Game seed: 10845281540731121721

809 ryw the Ruffian (level 7, -1/70 HPs)
             Began as a Troll Fighter on Aug 29, 2023.
             Slain by a gnoll sergeant
             ... wielding a +0 trident
              (12 damage)
             ... on level 5 of the Dungeon.
             The game lasted 00:04:56 (3302 turns).

ryw the Ruffian (Troll Fighter)                     Turns: 3302, Time: 00:04:56

Health: -1/70      AC:  4    Str: 27    XL:     7   Next: 61%
Magic:  6/6        EV:  9    Int:  4    God:
Gold:   256        SH:  0    Dex:  9    Spells: 6/6 levels left

rFire   . .          .
                       - Unarmed
rCold   . . .        b - +0 kite shield
rNeg    . . .        a - +0 robe
rPois   .            (helmet restricted)
rElec   .            (no cloak)
rCorr   .            (gloves unavailable)
SInv    .            (boots unavailable)
Will    .....        (no amulet)
Stlth   +            (no ring)
HPRegen 1.11/turn    (no ring)
MPRegen 0.10/turn

%: no passive effects
@: confused, ambrosia-drunk
A: large, unfitting armour, claws 3, regeneration 1, shaggy fur 1, tough skin 1
a: no special abilities


You were on level 5 of the Dungeon.
You visited 1 branch of the dungeon, and saw 5 of its levels.

You collected 256 gold pieces.

Inventory:

Missiles
 f - 8 boomerangs (quivered)
 m - 3 throwing nets
 q - 10 poisoned darts
Armour
 a - a +0 robe (worn)
 b - a +0 kite shield (worn)
Jewellery
 j - a ring of flight
 n - a ring of protection from fire
Wands
 t - a wand of iceblast (7)
Scrolls
 e - 2 scrolls of enchant weapon {unknown}
 g - a scroll of fear {unknown}
 h - a scroll of blinking {unknown}
 i - a scroll of enchant armour {unknown}
 k - 2 scrolls of noise {unknown}
 l - a scroll of torment {unknown}
 o - a scroll of vulnerability {unknown}
 s - a scroll of amnesia {unknown}
 u - 2 scrolls of teleportation {unknown}
Potions
 c - 3 potions of might
 d - a potion of ambrosia
 p - a potion of magic {unknown}
 v - a potion of attraction {unknown}


   Skills:
 + Level 4.0 Fighting
 + Level 2.0 Throwing
 - Level 3.0 Dodging
 + Level 4.4 Shields
 * Level 5.9 Unarmed Combat


You had 6 spell levels left.
You didn't know any spells.
Your spell library contained the following spells:

 Spells                   Type           Power      Damage    Failure   Level
 Summon Small Mammal      Summ           0%         N/A       73%         1
 Sublimation of Blood     Necr           0%         N/A       86%         2
 Call Canine Familiar     Summ           0%         N/A       97%         3
 Ozocubu's Armour         Ice            0%         N/A       97%         3
 Summon Guardian Golem    Hex/Summ       0%         N/A       97%         3
 Petrify                  Tmut/Erth      0%         N/A       100%        4
 Irradiate                Conj/Tmut      0%         3d11      100%        5
 Ozocubu's Refrigeration  Ice            0%         4d7       100%        7


Dungeon Overview and Level Annotations

Branches:
Dungeon (5/15)
 Temple: D:4-7

Altars:
Hepliaklqana
Vehumet
Xom
The Shining One

Annotations:
D:3 1 runed translucent door, holysushi's ghost, amateur FoMo


Innate Abilities, Weirdness & Mutations

You are too large for most types of armour.
You have claws for hands.
Your natural rate of healing is unusually fast.
You are covered in fur. (AC +1)
You have tough skin. (AC +1)


Message History

You block the gnoll sergeant's attack.
You closely miss the gnoll sergeant.
The gnoll sergeant is lightly wounded.
The gnoll completely misses you.
The gnoll sergeant hits you with a +0 trident!
You claw the gnoll sergeant!
The gnoll sergeant is severely wounded.
The gnoll hits you but does no damage. The gnoll sergeant barely misses you.
You scratch the gnoll sergeant.
The gnoll sergeant is almost dead.
The gnoll hits you with a +0 flail. The gnoll sergeant closely misses you.
You scratch the gnoll sergeant but do no damage.
The gnoll sergeant is almost dead.
The gnoll closely misses you.
The gnoll sergeant hits you with a +0 trident!
The gnoll attacks as it pursues you! The gnoll hits you with a +0 flail!
* * * LOW HITPOINT WARNING * * *
The gnoll sergeant hits you from afar with a +0 trident.
* * * LOW HITPOINT WARNING * * *
The gnoll throws a throwing net.
The throwing net hits you.
You become entangled in the net!
You see here a throwing net.
You tear a large gash into the net.
The gnoll sergeant closely misses you.
You struggle against the net.
The gnoll hits you with a +0 flail.
* * * LOW HITPOINT WARNING * * *
The gnoll sergeant hits you from afar with a +0 trident!
* * * LOW HITPOINT WARNING * * *
You rip the net and break free!
The gnoll hits you with a +0 flail.
* * * LOW HITPOINT WARNING * * *
The gnoll sergeant hits you from afar with a +0 trident.
* * * LOW HITPOINT WARNING * * *
There is an open door here.
You are confused.
You feel invigorated. The gnoll hits you with a +0 whip.
* * * LOW HITPOINT WARNING * * *
The gnoll hits you but does no damage. The gnoll sergeant closely misses you.
You bump into the rock wall.
The gnoll closely misses you. The gnoll barely misses you.
The gnoll sergeant hits you from afar with a +0 trident!
You die...

...... ..... ......
.....### #......
#.....###+#.....#
#.....#...#....?#
#.....#...#)....# .
#.....#...'.....#
..#.....#gg.#.....#
..'.....@g..#.....#
##.....#####.....#
#...............#..
#..............>#..
+........†......'..
#...........)...#.
###########<....#
#)....# #.....+


You could see a gnoll sergeant and 2 gnolls.

Vanquished Creatures
  2 black bears
  A kobold brigand (D:4)
  A bullfrog (D:4)
  2 scorpions
  2 hounds
  A jelly (D:4)
  2 orc wizards
  An adder (D:2)
  8 gnolls
  2 worms
  4 dart slugs
  9 orcs
  2 ball pythons (D:1)
  6 endoplasms
  6 giant cockroaches
  8 goblins
  10 hobgoblins
  13 jackals
  10 kobolds
  8 quokkas
  8 bats
  5 frilled lizards
  9 rats
120 creatures vanquished.

Vanquished Creatures (others)
  An orc wizard (D:5)
1 creature vanquished.

Grand Total: 121 creatures vanquished

Notes
Turn   | Place    | Note
-------+----------+-------------------------------------------
     0 | D:1      | ryw the Troll Fighter began the quest for the Orb.
     0 | D:1      | Reached XP level 1. HP: 22/22 MP: 0/0
   134 | D:1      | Reached XP level 2. HP: 29/29 MP: 1/1
   308 | D:1      | Reached XP level 3. HP: 36/36 MP: 2/2
   775 | D:2      | Reached skill level 3 in Unarmed Combat
   784 | D:2      | Reached skill level 1 in Throwing
   784 | D:2      | Reached XP level 4. HP: 31/44 MP: 3/3
  1565 | D:2      | Reached XP level 5. HP: 39/52 MP: 4/4
  1826 | D:3      | Found a runed translucent door.
  1827 | D:3      | Noticed holysushi's ghost (amateur FoMo)
  1972 | D:3      | Found a glowing golden altar of the Shining One.
  1973 | D:3      | Found a radiant altar of Vehumet.
  1974 | D:3      | Found a shimmering altar of Xom.
  1975 | D:3      | Found a hazy altar of Hepliaklqana.
  2474 | D:4      | Reached skill level 4 in Unarmed Combat
  2494 | D:3      | Reached XP level 6. HP: 61/61 MP: 5/5
  2603 | D:4      | Reached skill level 5 in Unarmed Combat
  2712 | D:4      | Reached XP level 7. HP: 59/68 MP: 6/6
  3096 | D:5      | Entered Level 5 of the Dungeon
  3299 | D:5      | HP: 3/70 [gnoll/+0 flail[a gnoll sergeant] (2)]
  3302 | D:5      | Slain by a gnoll sergeant

Illustrated notes

Levels and vault maps discovered:
D:1:      shiori_arrival_oz, layout_loops_ring, minmay_indecisive_spiral
D:2:      layout_basic, grunt_ministairs_14
D:3:      layout_basic, mainiacjoe_overflow_alcove_3, gammafunk_ghost_grave,
          st_stairs_4, minmay_quantized
D:4:      layout_loops_ring
D:5:      layout_gridville, gammafunk_ghost_split

Skill      XL: |  1  2  3  4  5  6  7 |
---------------+----------------------+-----
Shields        | 3 4 |  4.4
Unarmed Combat | 3 4 5 |  5.9
Throwing       | 1 2 |  2.0
Fighting       | 3 4 |  4.0
Dodging        | 3 |  3.0

Action                     |  1- 3 |  4- 6 |  7- 9 || total
---------------------------+-------+-------+-------++-------
  Melee: Unarmed           |    97 |   162 |    53 ||   312
  Throw: Boomerang         |       |     8 |     6 ||    14
    Use: Scroll            |       |       |     3 ||     3
         Potion            |       |       |     1 ||     1
 Armour: Robe              |    20 |    33 |    18 ||    71
  Dodge: Dodged            |    31 |    77 |    20 ||   128
  Block: Kite shield       |    27 |    88 |    11 ||   126

Table legend: (Time is in decaauts)
 A = Elapsed time spent in this place.
 B = Non-inter-level travel time spent in this place.
 C = Inter-level travel time spent in this place.
 D = Time resting spent in this place.
 E = Time spent auto-exploring this place.
 F = Levels seen in this place.
 G = Mean time per level.
                   A        B        C        D        E       F      G
               +--------+--------+--------+--------+--------+-----+--------+
         Total |   3321 |   3223 |     98 |     47 |   2465 |   5 |  664.2 |
       Dungeon |   3321 |   3223 |     98 |     47 |   2465 |   5 |  664.2 |
               +--------+--------+--------+--------+--------+-----+--------+

Top non-repeatable levels by time:
     D:3: 897 daAuts
     D:2: 877 daAuts
     D:1: 714 daAuts
     D:4: 682 daAuts
     D:5: 149 daAuts
